 Dungeon Crawl Stone Soup version 0.28.0-53-g5a82cb258f (webtiles) character file.

Game seed: 2067013816280387546

1 LynnLen the Sneak (level 1, 0/10 HPs)
             Began as a Vampire Enchanter on July 25, 2022.
             Slain by an endoplasm (1 damage)
             ... on level 1 of the Dungeon.
             The game lasted 00:00:25 (31 turns).

LynnLen the Sneak (Vampire Enchanter)                 Turns: 31, Time: 00:00:25

Health: 0/10       AC:  2    Str:  7    XL:     1   Next: 16%
Magic:  3/3        EV: 12    Int: 17    God:
Gold:   0          SH:  0    Dex: 14    Spells: 4/4 levels left

rFire   . . .      SeeInvis +   a - +1 dagger
rCold   + + .      Faith    .   (no shield)
rNeg    + + +      Spirit   .   b - +0 robe
rPois   ∞          Reflect  .   (no helmet)
rElec   .          Harm     .   (no cloak)
rCorr   .          Rampage  .   (no gloves)
Will    .....                   (no boots)
Stlth   +++++.....              (no amulet)
HPRegen 0.00/turn               (no ring)
MPRegen 0.08/turn               (no ring)

@: bloodless, inhibited regen, invisible
A: bloodless, fangs 3, see invisible, vampiric 1
a: Revivify


You were on level 1 of the Dungeon.
You visited 1 branch of the dungeon, and saw 1 of its levels.

Inventory:

Hand Weapons
 a - a +1 dagger (weapon)
Armour
 b - a +0 robe (worn)


   Skills:
 * Level 1.1 Short Blades
 + Level 2.2 Dodging
 * Level 4.5 Stealth
 + Level 2.0 Spellcasting
 - Level 4.4 Hexes


You had 4 spell levels left.
You didn't know any spells.
Your spell library contained the following spells:

 Spells                   Type           Power      Damage    Failure   Level
 Confusing Touch          Hex            16%        N/A       10%         3
 Tukima's Dance           Hex            16%        N/A       10%         3
 Ensorcelled Hibernation  Hex/Ice        18%        N/A       12%         2
 Dazzling Flash           Conj/Hex       18%        N/A       24%         3


Dungeon Overview and Level Annotations

Branches:
Dungeon (1/15)

Altars:


Innate Abilities, Weirdness & Mutations

You do not regenerate when monsters are visible.
You are frail without blood (-20% HP).
You can heal yourself when you bite living creatures.
You are immune to poison.
You have razor-sharp teeth.
You have supernaturally acute eyesight. (SInv)
You are afflicted with vampirism.


Message History

Below lies the Orb of Zot, rumoured to be powerful enough to resurrect a god...
Press ? for a list of commands and other information.
Found a staircase leading out of the dungeon.
Setting a skill training target for Short Blades at 10.0.
You begin bloodletting.
You continue bloodletting. x5
HP restored.
You become bloodless.
Found 10 sling bullets and a dagger.
A kobold comes into view. It is wielding a +0 dagger.
A kobold is nearby!
The kobold shouts!
You hear a shout!
There is an empty arch of ancient stone here.
The kobold barely misses you.
You hit the kobold but do no damage. You bite the kobold, but do no damage.
The kobold hits you with a +0 dagger.
You hit the kobold.
The kobold is heavily wounded.
The kobold closely misses you.
You hit the kobold but do no damage. You bite the kobold, but do no damage.
The kobold is heavily wounded.
A kobold comes into view. It is wielding a +0 short sword.
The kobold hits you with a +0 dagger.
You hit the kobold.
You kill the kobold!
The kobold throws a stone.
The stone hits you.
Found 13 gold pieces.
You see here a +0 dagger.
You barely miss the kobold. The kobold hits you but does no damage.
An endoplasm comes into view.
The endoplasm quivers.
You hit the kobold. Your bite misses the kobold.
The kobold is severely wounded.
The kobold hits you with a +0 short sword.
* * * LOW HITPOINT WARNING * * *
You aren't carrying any scrolls.
You fade into invisibility!
The kobold misses you.
You barely miss the kobold.
The kobold is severely wounded.
The endoplasm hits you.
You die...

##### #... #############
. ... #...........# .$.
##.# ##.8.⌠.8.⌠.8.#
.....#J.###.............
#.K.@).∩.≈≈≈≈≈≈≈≈≈≈≈.
#.....###...(.........
....#..#. ##.8)⌠.8.⌠.8.#
....... ## #...........#
# ###.. #############
###


You could see an endoplasm and a kobold.

Vanquished Creatures
  A kobold (D:1)
1 creature vanquished.

Notes
Turn   | Place    | Note
-------+----------+-------------------------------------------
     0 | D:1      | LynnLen the Vampire Enchanter began the quest for the Orb.
     0 | D:1      | Reached XP level 1. HP: 13/13 MP: 3/3
    31 | D:1      | Slain by an endoplasm

Illustrated notes

Levels and vault maps discovered:
D:1:      mainiacjoe_arrival_reflecting_pool, layout_rooms, serial_shops, shop,
          nicolae_diamond_shop, shop, nicolae_diamond_shop

Action                   || total
-------------------------++-------
Melee: Dagger            ||     7
       Bite              ||     2
 Abil: Exsanguinate      ||     1
  Use: Potion            ||     1
Armor: Robe              ||     1
Dodge: Dodged            ||     3
